 Dungeon Crawl Stone Soup version 0.31-a0-632-g766dd24fdf (webtiles) character file.

Game seed: 13796915439971594053

278 Mickster the Chopper (level 6, -3/84 HPs)
             Began as a Hill Orc Berserker on Aug 25, 2023.
             Was a Believer of Trog.
             Slain by a gnoll
             ... wielding a +0 flail
             ... led by a gnoll bouda
              (4 damage)
             ... on level 4 of the Dungeon.
             The game lasted 00:13:18 (2763 turns).

Mickster the Chopper (Hill Orc Berserker)           Turns: 2763, Time: 00:13:21

Health: -3/84      AC:  4    Str: 22    XL:     6   Next: 26%
Magic:  0/6        EV:  8    Int:  7    God:    Trog [**....]
Gold:   150        SH: 10    Dex: 10    Spells: 5/5 levels left

rFire   . . .        n - +0 war axe (heavy)
rCold   . . .        p - +0 tower shield
rNeg    . . .        i - +1 robe of Resourcefulness {Slay+2}
rPois   .            (no helmet)
rElec   .            j - +0 cloak
rCorr   .            (no gloves)
SInv    .            (no boots)
Will    .....        d - amulet of guardian spirit Stlth
                     (no ring)
HPRegen 0.34/turn    (no ring)
MPRegen 0.10/turn

%: guardian spirit
@: berserking, lethally poisoned (-3 -> -11), very quick
A: no striking features
a: Renounce Religion, Berserk, Trog's Hand


You were on level 4 of the Dungeon.
You worshipped Trog.
Trog was pleased with you.
You visited 1 branch of the dungeon, and saw 4 of its levels.

You collected 150 gold pieces.

Inventory:

Hand Weapons
 a - a +0 hand axe
 n - a +0 heavy war axe (weapon)
Missiles
 g - 4 atropa-tipped darts (quivered)
 k - 5 boomerangs
 m - 16 stones
Armour
 i - the +1 robe of Resourcefulness (worn) {Slay+2}
   (You found it on level 2 of the Dungeon)

   Slay+2:    It affects your accuracy & damage with ranged weapons and melee
   (+2).
 j - a +0 cloak (worn)
 p - a +0 tower shield (worn)
Jewellery
 d - an amulet of guardian spirit (around neck)
Wands
 l - a wand of roots (10)
Scrolls
 b - a scroll of identify {unknown}
 q - a scroll of brand weapon
Potions
 c - 4 potions of heal wounds {unknown}
 e - a potion of curing {unknown}
 f - a potion of ambrosia {unknown}
 h - a potion of mutation {unknown}
 o - a potion of enlightenment {unknown}


   Skills:
 + Level 5.6 Fighting
 * Level 6.7 Axes
 + Level 2.2 Armour
 + Level 2.3 Dodging
 + Level 0.8 Stealth
 + Level 0.1 Shields


You had 5 spell levels left.
You didn't know any spells.
Your spell library was empty.

Dungeon Overview and Level Annotations

Branches:
Dungeon (4/15)
 Temple: D:4-7

Altars:
Cheibriados
Nemelex Xobeh


Message History

The gnoll shouts!
You slice the gnoll bouda!!
You kill the gnoll bouda!
Trog accepts your kill. You block the gnoll's attack.
A gnoll comes into view. It is wielding a +0 spear.
The gnoll hits you from afar with a +1 halberd of venom!
You are poisoned.
The gnoll moves out of view.
You feel very sick.
The gnoll hits you with a +1 halberd of venom!
You are lethally poisoned!
You slice the gnoll!!
You kill the gnoll!
Trog accepts your kill.
You barely miss the gnoll.
Your attacks no longer feel as feeble.
* * * LOW HITPOINT WARNING * * *
You feel extremely sick. The gnoll barely misses you.
The gnoll hits you from afar with a +0 spear.
* * * LOW HITPOINT WARNING * * *
You block the gnoll's attack.
A red film seems to cover your vision as you go berserk!
You feel yourself moving faster!
You feel mighty!
* * * LOW HITPOINT WARNING * * *
You feel very sick. You block the gnoll's attack.
The gnoll hits you with a +0 flail!
* * * LOW HITPOINT WARNING * * *
You feel a strong urge to attack something.
* * * LOW HITPOINT WARNING * * *
You feel sick. The gnoll barely misses you. The gnoll completely misses you.
You see here a +1 halberd of venom.
You slash the gnoll!
The gnoll is heavily wounded.
You slash the gnoll!
* * * LOW HITPOINT WARNING * * *
You feel very sick. The gnoll hits you with a +0 flail.
You die...

....>....##..#
#.######.# .#
#.######.##..#
#.)..........#
#####.†.....##
###)##........
#.).##........
#####.#.##...#####
#.....g@.....#
#.####g####..# ...
.## #.... .# #....
.^..._ #.#....
#.#....


You could see 2 gnolls.

Vanquished Creatures
  A gnoll bouda (D:4)
  An iguana (D:3)
  Jessica (D:3)
  Natasha (thrice) (D:2)
  3 gnolls (D:4)
  3 adders (D:3)
  2 dart slugs (D:2)
  6 orcs (D:3)
  6 ball pythons
  5 bats
  6 endoplasms
  3 giant cockroaches (D:1)
  5 goblins
  A hobgoblin (D:1)
  4 quokkas
  3 frilled lizards
  3 kobolds (D:3)
  7 rats
63 creatures vanquished.

Notes
Turn   | Place    | Note
-------+----------+-------------------------------------------
     0 | D:1      | Mickster the Hill Orc Berserker began the quest for the
                  | Orb.
     0 | D:1      | Reached XP level 1. HP: 19/19 MP: 1/1
   256 | D:1      | Reached XP level 2. HP: 27/27 MP: 2/2
   804 | D:2      | Identified the +1 robe of Resourcefulness {Slay+2}
   897 | D:2      | Reached XP level 3. HP: 28/34 MP: 3/3
  1189 | D:2      | Reached ** piety under Trog
  1208 | D:2      | Noticed Natasha
  1226 | D:2      | Killed Natasha
  1227 | D:2      | Reached skill level 5 in Axes
  1227 | D:2      | Reached XP level 4. HP: 21/41 MP: 1/4
  1496 | D:2      | Noticed Natasha
  1502 | D:2      | Killed Natasha
  1528 | D:2      | Noticed Natasha
  1543 | D:2      | Killed Natasha
  1544 | D:2      | Reached skill level 5 in Fighting
  1635 | D:3      | Noticed Jessica
  1650 | D:3      | Killed Jessica
  1651 | D:3      | Reached XP level 5. HP: 32/48 MP: 3/5
  1793 | D:3      | Found a snail-covered altar of Cheibriados.
  1796 | D:3      | Noticed a torpor snail
  1980 | D:3      | Reached skill level 6 in Axes
  2743 | D:4      | Reached XP level 6. HP: 56/56 MP: 4/6
  2757 | D:4      | Found a sparkling altar of Nemelex Xobeh.
  2763 | D:4      | HP: 1/84 [poisoned by a gnoll]
  2763 | D:4      | Slain by a gnoll

Illustrated notes

Levels and vault maps discovered:
D:1:      dreamdust_arrival_sigmund_warning, layout_basic
D:2:      layout_rooms, uniq_natasha
D:3:      layout_basic, cheibriados_altar_2, uniq_jessica
D:4:      layout_loops_ring, lemuel_tele_altar,
          nicolae_gozag_conspicuous_consumption, vehumet_altar_wand_db

Skill      XL: |  1  2  3  4  5 |
---------------+----------------+-----
Fighting       | 4 5 |  5.6
Axes           | 5 6 |  6.7
Dodging        | 2 |  2.3
Armour         | |  2.2
Stealth        | |  0.8
Shields        | |  0.1

Action                     |  1- 3 |  4- 6 || total
---------------------------+-------+-------++-------
  Melee: Hand axe          |    78 |    31 ||   109
         Punch             |     3 |     1 ||     4
         War axe           |       |    65 ||    65
 Invoke: Berserk           |     1 |     4 ||     5
    Use: Scroll            |     2 |     2 ||     4
 Armour: Animal skin       |    17 |       ||    17
         Robe              |    10 |    12 ||    22
  Dodge: Dodged            |    48 |    56 ||   104
  Block: Tower shield      |       |    16 ||    16

Table legend: (Time is in decaauts)
 A = Elapsed time spent in this place.
 B = Non-inter-level travel time spent in this place.
 C = Inter-level travel time spent in this place.
 D = Time resting spent in this place.
 E = Time spent auto-exploring this place.
 F = Levels seen in this place.
 G = Mean time per level.
                   A        B        C        D        E       F      G
               +--------+--------+--------+--------+--------+-----+--------+
         Total |   2843 |   2805 |     38 |    527 |   1395 |   4 |  710.8 |
       Dungeon |   2843 |   2805 |     38 |    527 |   1395 |   4 |  710.8 |
               +--------+--------+--------+--------+--------+-----+--------+

Top non-repeatable levels by time:
     D:3: 1147 daAuts
     D:2: 858 daAuts
     D:1: 796 daAuts
     D:4: 40 daAuts
